MLB
BALTIMORE ORIOLES @ MONTREAL EXPOS
03/19/2044
 
TOP OF THE 1ST
Baltimore Orioles batting - Pitching for Montreal Expos : RHP Chet Tague
Pitching: RHP Chet Tague
Batting: RHB Alex Rodriguez Jr. 0-0: Ball
1-0: Ball
2-0: Ground out 5-3 (Groundball, 56S, EV 87.5 MPH)
Batting: RHB Kevin Howard 0-0: Ball
1-0: Ground out 5-3 (Groundball, 5, EV 104.4 MPH)
Batting: LHB Brad Pepin 0-0: Ground out U3 (Groundball, 34, EV 96.3 MPH)
Top of the 1st over - 0 runs, 0 hits, 0 errors, 0 left on base; Baltimore 0 - Montreal 0
BOTTOM OF THE 1ST
Montreal Expos batting - Pitching for Baltimore Orioles : LHP Randy Johnson Jr.
Pitching: LHP Randy Johnson Jr.
Batting: RHB Robby Juarez 0-0: Called Strike
0-1: Foul Ball, location: 2F
0-2: Strikes out looking
Batting: SHB Pete Barutha 0-0: Ball
1-0: Ball
2-0: Fly out, F8 (Flyball, 89S, EV 85.6 MPH)
Batting: RHB Mike Salmon 0-0: Called Strike
0-1: Called Strike
0-2: Ball
1-2: Foul Ball, location: 2F
1-2: Strikes out swinging
Bottom of the 1st over - 0 runs, 0 hits, 0 errors, 0 left on base; Baltimore 0 - Montreal 0
TOP OF THE 2ND
Baltimore Orioles batting - Pitching for Montreal Expos : RHP Chet Tague
Batting: LHB Stu Sornson 0-0: Called Strike
0-1: Fly out, F5 (Popup, 5S, EV 78.8 MPH)
Batting: LHB Paul Diaz 0-0: Foul Ball, location: 2F
0-1: Ball
1-1: Ball
2-1: Foul Ball, location: 2F
2-2: Ball
3-2: Strikes out swinging
Batting: RHB Dermott Neill 0-0: Called Strike
0-1: Called Strike
0-2: Ball
1-2: Strikes out looking
Top of the 2nd over - 0 runs, 0 hits, 0 errors, 0 left on base; Baltimore 0 - Montreal 0
BOTTOM OF THE 2ND
Montreal Expos batting - Pitching for Baltimore Orioles : LHP Randy Johnson Jr.
Batting: RHB Hugo Bautista 0-0: Called Strike
0-1: Ball
1-1: DOUBLE (Flyball, 78XD, EV 109.4 MPH)
Batting: LHB Steve Anderson 0-0: Fly out, F5 (Flyball, 5D, EV 91.3 MPH)
Batting: RHB Martin Chavez 0-0: Ball
1-0: Fly out, F9 (Flyball, 9, EV 85.0 MPH)
Runner from 2nd tags up, OUT at 3rd! 9-5
Bottom of the 2nd over - 0 runs, 1 hit, 0 errors, 0 left on base; Baltimore 0 - Montreal 0
TOP OF THE 3RD
Baltimore Orioles batting - Pitching for Montreal Expos : RHP Chet Tague
Batting: SHB Jason Hayes 0-0: Foul Ball, location: 2F
0-1: Ball
1-1: Fly out, F8 (Flyball, 89D, EV 95.6 MPH)
Batting: RHB Jeremy Giesler 0-0: Ball
1-0: Swinging Strike
1-1: Foul Ball, location: 2F
1-2: Ball
2-2: Ground out 3-1 (Groundball, 34S, EV 89.4 MPH)
Pitching: RHP Jeff Urry
Batting: SHB Manny Trump 0-0: Ball
1-0: Ball
2-0: Foul Ball, location: 2F
2-1: Foul Ball, location: 2F
2-2: Ball
3-2: Ground out U3 (Groundball, 3, EV 79.4 MPH)
Top of the 3rd over - 0 runs, 0 hits, 0 errors, 0 left on base; Baltimore 0 - Montreal 0
BOTTOM OF THE 3RD
Montreal Expos batting - Pitching for Baltimore Orioles : LHP Randy Johnson Jr.
Batting: RHB John Ham 0-0: Ball
1-0: Ball
2-0: Ball
3-0: Called Strike
3-1: Ground out 6-3 (Groundball, P, EV 83.8 MPH)
Batting: SHB Bran Stark 0-0: Ball
1-0: Ball
2-0: Ball
3-0: Base on Balls
Batting: RHB Danny Diaz 0-0: Ball
1-0: Called Strike
1-1: DOUBLE (Flyball, 7LD, EV 100.0 MPH)
Bran Stark to third
Runner from 3rd tries for Home, SAFE, throw by LF to home
Batting: RHB Robby Juarez 0-0: Called Strike
0-1: Ground out 6-3 (Groundball, 6, EV 84.4 MPH)
Danny Diaz to third
Batting: SHB Pete Barutha 0-0: Ball
1-0: Called Strike
1-1: Fly out, F7 (Flyball, 7LM, EV 88.8 MPH)
Bottom of the 3rd over - 1 run, 1 hit, 0 errors, 1 left on base; Baltimore 0 - Montreal 1
TOP OF THE 4TH
Baltimore Orioles batting - Pitching for Montreal Expos : RHP Jeff Urry
Batting: RHB Alex Rodriguez Jr. 0-0: Ball
1-0: Foul Ball, location: 2F
1-1: Foul Ball, location: 2F
1-2: Strikes out looking
Batting: RHB Kevin Howard 0-0: Swinging Strike
0-1: Swinging Strike
0-2: Foul Ball, location: 2F
0-2: Ball
1-2: Strikes out swinging
Batting: LHB Brad Pepin 0-0: SINGLE (Line Drive, 7S, EV 103.1 MPH)
Batting: LHB Stu Sornson 0-0: Called Strike
0-1: Ball
1-1: Foul Ball, location: 2F
1-2: Strikes out swinging
Top of the 4th over - 0 runs, 1 hit, 0 errors, 1 left on base; Baltimore 0 - Montreal 1
BOTTOM OF THE 4TH
Montreal Expos batting - Pitching for Baltimore Orioles : LHP Randy Johnson Jr.
Batting: RHB Mike Salmon 0-0: Foul Ball, location: 2F
0-1: Ball
1-1: Called Strike
1-2: Foul Ball, location: 2F
1-2: Strikes out looking
Batting: RHB Hugo Bautista 0-0: Foul Ball, location: 2F
0-1: Ball
1-1: Ball
2-1: Swinging Strike
2-2: Ball
3-2: Foul Ball, location: 2F
3-2: Ground out 6-3 (Groundball, 6, EV 100.0 MPH)
Batting: LHB Steve Anderson 0-0: Called Strike
0-1: Called Strike
0-2: Ball
1-2: SINGLE (Groundball, 6M, EV 86.9 MPH) (infield hit)
Batting: RHB Martin Chavez 0-0: Ball
1-0: Called Strike
1-1: Ball
2-1: Foul Ball, location: 2F
2-2: Ground out 4-3 (Groundball, 4, EV 82.5 MPH)
Bottom of the 4th over - 0 runs, 1 hit, 0 errors, 1 left on base; Baltimore 0 - Montreal 1
TOP OF THE 5TH
Baltimore Orioles batting - Pitching for Montreal Expos : RHP Jeff Urry
Batting: LHB Paul Diaz 0-0: Fly out, F2 (Popup, 25F, EV 91.3 MPH)
Batting: RHB Dermott Neill 0-0: Foul Ball, location: 2F
0-1: Called Strike
0-2: Foul Ball, location: 2F
0-2: Foul Ball, location: 2F
0-2: Strikes out swinging
Batting: SHB Jason Hayes 0-0: Called Strike
0-1: Ball
1-1: Swinging Strike
1-2: Strikes out swinging
Top of the 5th over - 0 runs, 0 hits, 0 errors, 0 left on base; Baltimore 0 - Montreal 1
BOTTOM OF THE 5TH
Montreal Expos batting - Pitching for Baltimore Orioles : LHP Randy Johnson Jr.
Pitching: LHP Randy Adams
Batting: RHB John Ham 0-0: Ball
1-0: Called Strike
1-1: Ball
2-1: Ball
3-1: Base on Balls
Batting: SHB Bran Stark 0-0: Foul Ball, location: 2F
0-1: Grounds into double play, 6-4-3 (Groundball, 6, EV 99.4 MPH)
Batting: RHB Danny Diaz 0-0: Foul Ball, location: 2F
0-1: Ball
1-1: Ball
2-1: Called Strike
2-2: Strikes out looking
Bottom of the 5th over - 0 runs, 0 hits, 0 errors, 0 left on base; Baltimore 0 - Montreal 1
TOP OF THE 6TH
Baltimore Orioles batting - Pitching for Montreal Expos : RHP Jeff Urry
Batting: RHB Jeremy Giesler 0-0: Ball
1-0: Called Strike
1-1: Foul Ball, location: 2F
1-2: Foul Ball, location: 2F
1-2: Foul Ball, location: 2F
1-2: Ball
2-2: Strikes out looking
Batting: SHB Manny Trump 0-0: Ball
1-0: Ball
2-0: Called Strike
2-1: Foul Ball, location: 2F
2-2: Strikes out swinging
Batting: RHB Alex Rodriguez Jr. 0-0: Ball
1-0: Ball
2-0: Fly out, F5 (Popup, 5S, EV 87.5 MPH)
Top of the 6th over - 0 runs, 0 hits, 0 errors, 0 left on base; Baltimore 0 - Montreal 1
BOTTOM OF THE 6TH
Montreal Expos batting - Pitching for Baltimore Orioles : LHP Randy Adams
Batting: RHB Robby Juarez 0-0: Ball
1-0: Foul Ball, location: 2F
1-1: Ball
2-1: Foul Ball, location: 2F
2-2: SINGLE (Groundball, 4D, EV 107.5 MPH)
Batting: SHB Pete Barutha 0-0: Ball
1-0: Foul Ball, location: 2F
1-1: Ball
2-1: Ball
3-1: Fly out, F8 (Line Drive, 8RD, EV 107.5 MPH)
Runner from 1st tags up, SAFE at 2nd
Batting: RHB Mike Salmon 0-0: Ball
1-0: Called Strike
Robby Juarez steals 3rd base
1-1: Foul Ball, location: 2F
1-2: Ball
2-2: SINGLE (Groundball, 4M, EV 87.5 MPH) (infield hit)
Robby Juarez scores
Pitching: RHP Errol Dondale
Batting: RHB Hugo Bautista 0-0: Called Strike
0-1: Ball
1-1: Ball
Mike Salmon is caught stealing 2nd base 2-4
2-1: Foul Ball, location: 2F
2-2: Ground out 5-3 (Groundball, 56S, EV 90.0 MPH)
Bottom of the 6th over - 1 run, 2 hits, 0 errors, 0 left on base; Baltimore 0 - Montreal 2
TOP OF THE 7TH
Baltimore Orioles batting - Pitching for Montreal Expos : RHP Jeff Urry
Pitching: RHP Joel Beggs
Batting: RHB Kevin Howard 0-0: Foul Ball, location: 2F
0-1: Ball
1-1: Ball
2-1: Foul Ball, location: 2F
2-2: Foul Ball, location: 2F
2-2: Foul Ball, location: 2F
2-2: Strikes out swinging
Batting: LHB Brad Pepin 0-0: Ball
1-0: Called Strike
1-1: Ball
2-1: Ball
3-1: SINGLE (Groundball, 5D, EV 95.6 MPH)
Batting: LHB Stu Sornson 0-0: Called Strike
0-1: Ball
1-1: Ball
2-1: Ball
3-1: SINGLE (Groundball, 34D, EV 101.9 MPH) (infield hit)
Brad Pepin to second
Batting: LHB Paul Diaz 0-0: Ball
1-0: Ball
2-0: Called Strike
2-1: Swinging Strike
2-2: Fielders Choice at 2nd, 1-4 (Groundball, 15S, EV 65.6 MPH)
Brad Pepin to third
Batting: RHB Dermott Neill 0-0: Ball
1-0: Swinging Strike
1-1: Foul Ball, location: 2F
1-2: Ball
2-2: Foul Ball, location: 2F
2-2: DOUBLE (Flyball, 8LXD, EV 114.4 MPH)
Brad Pepin scores
Paul Diaz to third
Runner from 3rd tries for Home, throw by CF and OUT! 8-6-2
Top of the 7th over - 1 run, 3 hits, 0 errors, 1 left on base; Baltimore 1 - Montreal 2
BOTTOM OF THE 7TH
Montreal Expos batting - Pitching for Baltimore Orioles : RHP Errol Dondale
Batting: LHB Steve Anderson 0-0: Foul Ball, location: 2F
0-1: Foul Ball, location: 2F
0-2: Strikes out looking
Batting: RHB Martin Chavez 0-0: Swinging Strike
0-1: Foul Ball, location: 2F
0-2: Ground out 6-3 (Groundball, 6, EV 87.5 MPH)
Batting: RHB John Ham 0-0: Called Strike
0-1: Ball
1-1: Swinging Strike
1-2: Foul Ball, location: 2F
1-2: Ball
2-2: Strikes out looking
Bottom of the 7th over - 0 runs, 0 hits, 0 errors, 0 left on base; Baltimore 1 - Montreal 2
TOP OF THE 8TH
Baltimore Orioles batting - Pitching for Montreal Expos : RHP Joel Beggs
Pitching: RHP Corey Jacobson
Batting: SHB Jason Hayes 0-0: SINGLE (Line Drive, 7LS, EV 104.4 MPH)
Batting: RHB Jeremy Giesler
Pinch Hitting: RHB Saimei Kudo 0-0: Called Strike
0-1: Sac Bunt to 15S - play at first, batter OUT! 1-4
Jason Hayes to second
Batting: SHB Manny Trump 0-0: Called Strike
0-1: SINGLE (Groundball, 4D, EV 95.0 MPH)
Jason Hayes to third
Runner from 3rd tries for Home, SAFE, throw by RF to home
Pinch Hitting: RHB Andres Leon 0-0: Foul Ball, location: 2F
0-1: Ball
1-1: Ball
2-1: Swinging Strike
2-2: Ball
3-2: Strikes out looking
Pinch Hitting: RHB Danny Merrill 0-0: Swinging Strike
0-1: Called Strike
0-2: Ball
1-2: Foul Ball, location: 2F
1-2: Ball
2-2: Ball
3-2: Strikes out swinging
Top of the 8th over - 1 run, 2 hits, 0 errors, 1 left on base; Baltimore 2 - Montreal 2
BOTTOM OF THE 8TH
Montreal Expos batting - Pitching for Baltimore Orioles : RHP Errol Dondale
Now at 3B: Saimei Kudo
Now at SS: Andres Leon
Now in RF: Gabe Pace
Batting: SHB Bran Stark 0-0: Ball
1-0: Swinging Strike
1-1: Swinging Strike
1-2: Ball
2-2: Ground out 4-3 (Groundball, 34, EV 85.6 MPH)
Pinch Hitting: LHB Jimmy Buscemi 0-0: Ball
1-0: Ball
2-0: Fly out, F4 (Line Drive, 4, EV 68.8 MPH)
Pinch Hitting: RHB Wen-hua Lei 0-0: Called Strike
0-1: Ball
1-1: Foul Ball, location: 2F
1-2: Foul Ball, location: 2F
1-2: Ball
2-2: Fly out, F8 (Line Drive, 8RD, EV 90.0 MPH)
Bottom of the 8th over - 0 runs, 0 hits, 0 errors, 0 left on base; Baltimore 2 - Montreal 2
TOP OF THE 9TH
Baltimore Orioles batting - Pitching for Montreal Expos : RHP Corey Jacobson
Pitching: RHP Eric Hudson
Now at 1B: Jimmy Buscemi
Now at 3B: Steve Anderson
Now at SS: Wen-hua Lei
Pinch Hitting: LHB Bob Melley 0-0: Called Strike
0-1: Ball
1-1: Fly out, F8 (Flyball, 8RD, EV 102.5 MPH)
Pinch Hitting: RHB Casey Nelligan 0-0: Ball
1-0: Ball
2-0: Foul Ball, location: 2F
2-1: Fly out, F7 (Flyball, 78D, EV 101.3 MPH)
Pinch Hitting: RHB Ruben Garza 0-0: Ball
1-0: Ground out 6-3 (Groundball, 6, EV 104.4 MPH)
Top of the 9th over - 0 runs, 0 hits, 0 errors, 0 left on base; Baltimore 2 - Montreal 2
BOTTOM OF THE 9TH
Montreal Expos batting - Pitching for Baltimore Orioles : RHP Errol Dondale
Pitching: RHP Gavin Nelson
Now at 2B: Ruben Garza
Now in LF: Gabe Pace
Now in CF: Bob Melley
Now in RF: Casey Nelligan
Pinch Hitting: RHB Wing-kit Bu 0-0: Ball
1-0: Fly out, F8 (Flyball, 8RD, EV 96.9 MPH)
Batting: SHB Hans Mikkelsen 0-0: Called Strike
0-1: Fly out, F9 (Flyball, 89S, EV 88.8 MPH)
Batting: RHB Hugo Bautista 0-0: Ball
1-0: Ball
2-0: Ball
3-0: Base on Balls
Pinch Hitting: LHB Danny Hull 0-0: Called Strike
0-1: Ball
1-1: Ball
2-1: Swinging Strike
2-2: Ball
Hugo Bautista steals 2nd base
3-2: Foul Ball, location: 2F
3-2: Strikes out looking
Bottom of the 9th over - 0 runs, 0 hits, 0 errors, 1 left on base; Baltimore 2 - Montreal 2
TOP OF THE 10TH
Baltimore Orioles batting - Pitching for Montreal Expos : RHP Eric Hudson
Pitching: RHP Alan Taylor
Now at 3B: Danny Hull
Now in CF: Bran Stark
Now in RF: Wing-kit Bu
Batting: RHB Marc Peckermark 0-0: Foul Ball, location: 2F
0-1: Foul Ball, location: 2F
0-2: Ball
1-2: Ball
2-2: Foul Ball, location: 2F
2-2: Ball
3-2: Base on Balls
Pinch Hitting: RHB Vince Jackson 0-0: Ball
1-0: Sac Bunt to 3S - play at first, batter OUT! 3-1
Marc Peckermark to second
Batting: RHB Saimei Kudo 0-0: Intentional Walk
Batting: SHB Manny Trump 0-0: Called Strike
0-1: Ball
1-1: Swinging Strike
1-2: Strikes out swinging
Batting: RHB Andres Leon 0-0: Ball
1-0: SINGLE (Line Drive, 6M, EV 100.0 MPH)
Marc Peckermark to third
Saimei Kudo to second
Runner from 3rd tries for Home, SAFE, throw by CF to home
Batting: LHB Gabe Pace 0-0: Ball
1-0: Ball
2-0: Ball
3-0: Called Strike
3-1: Called Strike
3-2: Foul Ball, location: 2F
3-2: Strikes out swinging
Top of the 10th over - 1 run, 1 hit, 0 errors, 2 left on base; Baltimore 3 - Montreal 2
BOTTOM OF THE 10TH
Montreal Expos batting - Pitching for Baltimore Orioles : RHP Gavin Nelson
Pitching: RHP Jacob Taylor
Now at 1B: Vince Jackson
Pinch Hitting: RHB EugĂȘnio Asceno 0-0: Ball
1-0: Ball
2-0: Ball
3-0: Called Strike
3-1: Ground out 6-3 (Groundball, 6S, EV 66.3 MPH)
Pinch Hitting: RHB Jesse Basich 0-0: Ball
1-0: Ball
2-0: Foul Ball, location: 2F
2-1: Ball
3-1: Swinging Strike
3-2: Strikes out looking
Batting: SHB Bran Stark 0-0: Ball
1-0: Ball
2-0: Ball
3-0: Base on Balls
Batting: LHB Jimmy Buscemi 0-0: Ball
Bran Stark is caught stealing 2nd base 2-6
Bottom of the 10th over - 0 runs, 0 hits, 0 errors, 0 left on base; Baltimore 3 - Montreal 2
Thursday, March 31st , 2022 - OOTP Baseball 22.12 Build 89